 Dungeon Crawl Stone Soup version 0.29-a0-330-g52719c12eb (webtiles) character file.

Game seed: 11695413779106874690

278 kae the Firebug (level 6, -3/35 HPs)
             Began as a Tengu Fire Elementalist on Apr 14, 2022.
             Slain by an orc
             ... wielding a +0 dagger
              (4 damage)
             ... on level 4 of the Dungeon.
             The game lasted 00:02:21 (4337 turns).

kae the Firebug (Tengu Fire Elementalist)           Turns: 4337, Time: 00:02:22

Health: -3/35      AC:  3    Str:  8    XL:     6   Next: 26%
Magic:  7/11       EV: 15    Int: 18    God:
Gold:   148        SH:  0    Dex: 14    Spells: 4/10 levels left

rFire   . . .      SeeInvis .   o - +9 rapier "Tatsod" {elec, Fragile rN++}
rCold   . . .      Faith    .   (no shield)
rNeg    + + .      Spirit   .   a - +0 robe
rPois   .          Reflect  .   (helmet restricted)
rElec   .          Harm     .   (no cloak)
rCorr   .          Rampage  .   h - +0 pair of gloves
Will    .....                   (boots unavailable)
Stlth   ++........              (no amulet)
HPRegen 0.11/turn               (no ring)
MPRegen 0.12/turn               (no ring)

@: flying quickly and evasively, quick
A: beak, talons 3, nimble flight
a: no special abilities


You were on level 4 of the Dungeon.
You visited 1 branch of the dungeon, and saw 4 of its levels.

You collected 148 gold pieces.

Inventory:

Hand Weapons
 o - the +9 rapier "Tatsod" (weapon) {elec, Fragile rN++}
   (You found it on level 4 of the Dungeon)

   It occasionally discharges a powerful burst of electricity upon striking a
   foe.
   rN:        It greatly protects you from negative energy.
   Fragile:   It will be destroyed if unequipped.
Armour
 a - a +0 robe (worn)
 h - a +0 pair of gloves (worn)
Wands
 l - a wand of paralysis (7)
Scrolls
 d - a scroll of immolation {unknown}
 i - a scroll of fear
 n - a scroll of identify
 q - a scroll of teleportation {unknown}
Potions
 b - a potion of magic
 c - 2 potions of lignification
 e - a potion of attraction
 f - 2 potions of curing
 g - a potion of resistance
 j - a potion of heal wounds {unknown}
 k - 2 potions of might {unknown}
 m - a potion of mutation {unknown}
 p - a potion of haste {unknown}


   Skills:
 + Level 2.2 Fighting
 + Level 3.4 Dodging
 - Level 2.0 Stealth
 + Level 2.9 Spellcasting
 + Level 3.3 Conjurations
 * Level 5.1 Fire Magic


You had 4 spell levels left.
You knew the following spells:

 Your Spells              Type           Power      Damage    Failure   Level
a - Foxfire               Conj/Fire      68%        2x1d7     3%          1
b - Scorch                Fire           42%        2d7       3%          2
c - Conjure Flame         Conj/Fire      17%        6-21      9%          3

Your spell library contained the following spells:

 Spells                   Type           Power      Damage    Failure   Level
 Inner Flame              Hex/Fire       11%        N/A       17%         3
 Flame Wave               Conj/Fire      17%        2d6       28%         4


Dungeon Overview and Level Annotations

Branches:
Dungeon (4/15)
 Temple: D:4-7

Altars:
Dithmenos
Xom
The Shining One

Shops:
D:1 (


Innate Abilities, Weirdness & Mutations

You have a beak for a mouth.
You have claws for feet.
Your magical nature lets you fly swiftly and evasively.


Message History

You closely miss the orc wizard. Your kick misses the orc wizard.
The orc wizard is almost dead.
The orc wizard gestures wildly while chanting.
The orc wizard flickers and vanishes!
The orc barely misses you.
You hear some strange, mumbled words.
You are confused.
The orc hits you with a +0 hand axe.
You hear some strange, mumbled words.
Something tries to affect you, but you resist.
The orc hits you with a +0 hand axe.
* * * LOW HITPOINT WARNING * * *
Something barely misses you. The orc barely misses you.
You feel better.
You hear some strange, mumbled words.
A puff of flame appears from out of thin air!
The puff of flame hits you!
Casting: Foxfire (safe; 3% risk of failure)
Confirm with . or Enter, or press ? or * to list all spells.
Flames lash something.
Reactivating autopickup.
You feel a bit more experienced. The orc barely misses you. Something hits you.
* * * LOW HITPOINT WARNING * * *
Deactivating autopickup; reactivate with Ctrl-A.
The orc misses you. The orc barely misses you. Something hits you.
* * * LOW HITPOINT WARNING * * *
The orc hits you with a +0 dagger.
* * * LOW HITPOINT WARNING * * *
Casting: Scorch (safe; 3% risk of failure)
Confirm with . or Enter, or press ? or * to list all spells.
Flames lash the orc.
The orc is almost dead.
The orc's fire resistance burns away.
The orc barely misses you. Something hits you.
* * * LOW HITPOINT WARNING * * *
The orc closely misses you. The orc misses you. Something hits you.
* * * LOW HITPOINT WARNING * * *
The orc hits you with a +0 dagger.
You die...

......###..........#
..<..## ####.#####.#
#...## #.# #.# ##'#
#.# #.# #. # ###.# #
8###8###8#.#
...........#
......)o...#
.......o@..#
8###⌠###8### # ###
#.. #.. #.# #.# #.#


You could see 2 orcs.

Vanquished Creatures
  A black bear (D:4)
  A hound (D:3)
  An iguana (D:4)
  An orc wizard (D:4)
  4 gnolls (D:3)
  2 adders
  An ufetubus (D:4)
  A worm (D:2)
  2 dart slugs
  2 endoplasms (D:4)
  2 giant cockroaches (D:4)
  3 goblins (D:1)
  4 hobgoblins
  2 jackals (D:1)
  4 quokkas (D:1)
  2 ball pythons
  3 bats
  4 frilled lizards
  6 kobolds
  5 rats (D:1)
51 creatures vanquished.

Vanquished Creatures (collateral kills)
  A foxfire (D:3)
1 creature vanquished.

Vanquished Creatures (others)
  176 foxfires
176 creatures vanquished.

Grand Total: 228 creatures vanquished

Notes
Turn   | Place    | Note
-------+----------+-------------------------------------------
     0 | D:1      | kae the Tengu Fire Elementalist began the quest for the
                  | Orb.
     0 | D:1      | Reached XP level 1. HP: 10/10 MP: 4/4
   201 | D:1      | Found a faded altar of an unknown god.
   253 | D:1      | Reached XP level 2. HP: 16/16 MP: 4/6
   256 | D:1      | Learned a level 2 spell: Scorch
   425 | D:1      | You fall into a shaft and drop 1 floor!
   641 | D:1      | Found Ogam Uni's Antique Weapon Shop.
  1275 | D:1      | Reached XP level 3. HP: 20/20 MP: 3/7
  1279 | D:1      | Learned a level 3 spell: Conjure Flame
  1284 | D:1      | Reached skill level 1 in Fighting
  2293 | D:3      | Reached skill level 4 in Fire Magic
  2293 | D:3      | Reached XP level 4. HP: 12/25 MP: 0/8
  2768 | D:3      | Found a glowing golden altar of the Shining One.
  2987 | D:3      | Gained mutation: Your magical nature lets you fly swiftly
                  | and evasively. [Tengu growth]
  2987 | D:3      | Reached XP level 5. HP: 21/30 MP: 6/9
  3136 | D:3      | Found a shadowy altar of Dithmenos.
  3666 | D:4      | Found a shimmering altar of Xom.
  3686 | D:4      | Noticed a black bear
  3730 | D:4      | Identified the +9 rapier "Tatsod" {elec, Fragile rN++}
  3755 | D:4      | Killed a black bear
  3756 | D:4      | Reached XP level 6. HP: 29/35 MP: 2/11
  4002 | D:4      | Reached skill level 5 in Fire Magic
  4337 | D:4      | HP: 1/35 [something (3)]
  4337 | D:4      | Slain by an orc

Illustrated notes

Levels and vault maps discovered:
D:1:      roderic_octagonal_star, layout_basic, serial_shops, shop,
          basic_ecumenical_altar
D:2:      layout_loops_cross, amcnicky_mini_rare_corridor_liquid,
          nicolae_concentric_dashed_squares_wild
D:3:      layout_basic, nicolae_tso_swordbearing_angel,
          nicolae_overflow_crystal_walls, minmay_hedge_maze
D:4:      layout_loops_corners, xom_teletrap_fun, serial_glass, glass_columns_a,
          glass_columns_b, corexii_hall_statues_i

Skill      XL: |  1  2  3  4  5  6 |
---------------+-------------------+-----
Fighting       | 1 2 |  2.2
Conjurations   | 2 3 |  3.3
Fire Magic     | 4 5 |  5.1
Dodging        | 3 |  3.4
Stealth        | |  2.0
Spellcasting   | |  2.9

Action                   |  1- 3 |  4- 6 || total
-------------------------+-------+-------++-------
Melee: Unarmed           |     6 |     1 ||     7
       Kick              |     3 |     2 ||     5
       Peck              |     1 |       ||     1
       Rapier            |       |     5 ||     5
 Cast: Foxfire           |    66 |    43 ||   109
       Scorch            |     5 |     6 ||    11
       Conjure Flame     |       |     1 ||     1
  Use: Scroll            |     3 |     5 ||     8
       Potion            |       |     1 ||     1
Armor: Robe              |     4 |     3 ||     7
Dodge: Dodged            |    11 |    16 ||    27

Table legend: (Time is in decaauts)
 A = Elapsed time spent in this place.
 B = Non-inter-level travel time spent in this place.
 C = Inter-level travel time spent in this place.
 D = Time resting spent in this place.
 E = Time spent auto-exploring this place.
 F = Levels seen in this place.
 G = Mean time per level.
                   A        B        C        D        E       F      G
               +--------+--------+--------+--------+--------+-----+--------+
         Total |   4243 |   4126 |    117 |     54 |   3607 |   4 | 1060.8 |
       Dungeon |   4243 |   4126 |    117 |     54 |   3607 |   4 | 1060.8 |
               +--------+--------+--------+--------+--------+-----+--------+

Top non-repeatable levels by time:
     D:1: 1443 daAuts
     D:3: 1152 daAuts
     D:4: 922 daAuts
     D:2: 725 daAuts
